 Dungeon Crawl Stone Soup version 0.30-a0-1082-g70414cbcbb (webtiles) character file.

Game seed: 338098680836290106

6362 GilGalad the Thaumaturge (level 10, -4/50 HPs)
             Began as a Deep Elf Summoner on Apr 15, 2023.
             Was a Believer of Sif Muna.
             Slain by an orc warrior
             ... wielding a +0 dire flail
              (12 damage)
             ... on level 10 of the Dungeon on Apr 16, 2023.
             The game lasted 00:44:09 (13364 turns).

GilGalad the Thaumaturge (Deep Elf Summoner)       Turns: 13364, Time: 00:44:10

Health: -4/50      AC:  9    Str:  7    XL:     10   Next: 65%
Magic:  12/26      EV: 16    Int: 25    God:    Sif Muna [**....]
Gold:   597        SH: 10    Dex: 15    Spells: 13/30 levels left

rFire   . . .      SeeInvis .    M - +7 sling of the Heart {heavy, rCorr Str+2}
rCold   + . .      Faith    .    a - +2 buckler
rNeg    . . .      Spirit   .    h - +0 steam dragon scales
rPois   .          Reflect  +    (no helmet)
rElec   .          Rampage  .    P - +0 cloak
rCorr   +                        (no gloves)
Will    ++...                    g - +2 pair of boots
Stlth   ++                       z - amulet of reflection
HPRegen 0.28/turn                F - ring of willpower
MPRegen 0.20/turn                H - ring of protection from cold

@: no status effects
A: no striking features
a: Renounce Religion, Channel Magic


You were on level 10 of the Dungeon.
You worshipped Sif Muna.
Sif Muna was pleased with you.
You visited 1 branch of the dungeon, and saw 11 of its levels.

You collected 733 gold pieces.
You spent 136 gold pieces at shops.

Inventory:

Hand Weapons
 l - a +2 shortbow of draining
 M - the +7 sling of the Heart (weapon) {heavy, rCorr Str+2}
   (You found it on level 9 of the Dungeon)

   Str:       It affects your strength (+2).
   rCorr:     It protects you from acid and corrosion.
Armour
 a - a +2 buckler (worn)
 g - a +2 pair of boots (worn)
 h - +0 steam dragon scales (worn)
 u - the +1 robe of the Furies {Int+3}
   (You bought it in a shop on level 4 of the Dungeon)

   Int:       It affects your intelligence (+3).
 P - a +0 cloak (worn)
Jewellery
 k - an amulet of regeneration
 z - an amulet of reflection (around neck)
 C - a ring of flight
 F - a ring of willpower (left hand)
 H - a ring of protection from cold (right hand)
 O - a ring of positive energy
Wands
 v - a wand of flame (25)
 w - a wand of mindburst (16)
 y - a wand of paralysis (18)
 E - a wand of roots (16)
Scrolls
 e - a scroll of amnesia {unknown}
 i - 6 scrolls of vulnerability
 n - 2 scrolls of noise {unknown}
 p - 2 scrolls of silence
 q - a scroll of poison {unknown}
 A - a scroll of immolation {unknown}
 D - a scroll of torment {unknown}
 G - 6 scrolls of teleportation
 I - a scroll of summoning {unknown}
 J - a scroll of enchant weapon {unknown}
 N - 2 scrolls of enchant armour
Potions
 b - 2 potions of magic
 d - a potion of berserk rage {unknown}
 j - 4 potions of curing
 m - 6 potions of degeneration
 o - 2 potions of heal wounds {unknown}
 r - 2 potions of ambrosia
 s - 4 potions of lignification
 t - 2 potions of invisibility
 x - 2 potions of attraction
 B - a potion of haste {unknown}
 K - a potion of resistance {unknown}


   Skills:
 - Level 2.1 Ranged Weapons
 + Level 9.7 Dodging
 - Level 3.0 Stealth
 + Level 10.7 Spellcasting
 - Level 5.5 Hexes
 * Level 10.0 Summonings
 - Level 4.6 Translocations
 - Level 4.1 Ice Magic
 - Level 3.4 Air Magic


You had 13 spell levels left.
You knew the following spells:

 Your Spells              Type           Power      Damage    Failure   Level
a - Summon Small Mammal   Summ           100%       N/A       1%          1
b - Call Imp              Summ           100%       N/A       1%          2
c - Summon Guardian Gole  Hex/Summ       51%        N/A       1%          3
d - Summon Lightning Spi  Summ/Air       47%        N/A       3%          4
e - Portal Projectile     Hex/Tloc       76%        N/A       2%          3
f - Summon Ice Beast      Ice/Summ       48%        N/A       3%          4

Your spell library contained the following spells:

 Spells                   Type           Power      Damage    Failure   Level
 Ensorcelled Hibernation  Hex/Ice        74%        N/A       1%          2
 Call Canine Familiar     Summ           59%        N/A       1%          3
 Frozen Ramparts          Ice            68%        1d11      3%          3
 Swiftness                Air            30%        N/A       4%          3
 Summon Forest            Summ/Tloc      25%        N/A       9%          5
 Passwall                 Tmut/Erth      10%        N/A       10%         2
 Leda's Liquefaction      Hex/Erth       13%        N/A       21%         4
 Ice Form                 Ice/Tmut       23%        N/A       26%         4
 Summon Hydra             Summ           29%        N/A       65%         7
 Conjure Ball Lightning   Conj/Air       11%        3x3d6     99%         6
 Eringya's Noxious Bog    Tmut/Pois      6%         N/A       100%        6
 Borgnjor's Revivificati  Necr           6%         N/A       100%        8
 Discord                  Hex            20%        N/A       100%        8
 Disjunction              Tloc           18%        N/A       100%        8
 Necromutation            Tmut/Necr      6%         N/A       100%        8
 Death's Door             Necr           6%         N/A       100%        9


Dungeon Overview and Level Annotations

Branches:
Dungeon (11/15)            Temple (0/1) D:7
   Lair: D:8-11         Orc: D:9-12

Altars:
Ashenzari
Cheibriados
Elyvilon
Fedhas
Nemelex Xobeh
Sif Muna
Trog
Uskayaw
Xom
Yredelemnul

Shops:
D:4 ((*[   D:5 [:


Message History

The bolt of electricity hits the troll!!
The troll dies!
Sif Muna accepts your kill.
The orc priest invokes the aid of Beogh against you.
Beogh smites you!
The orc warrior hits your lightning spire with a +0 dire flail. x2
Your lightning spire shoots out a bolt of lightning at the orc warrior!
The bolt of electricity hits the orc warrior!
The bolt of electricity hits the orc priest!
The orc priest dies!
Sif Muna accepts your kill.
Your Summonings skill increases to level 10!
You magically shoot a sling bullet.
The sling bullet hits the orc warrior.
The orc warrior is severely wounded.
The orc hits your lightning spire with a +0 short sword of flaming.
The orc warrior hits your lightning spire with a +0 dire flail!
Your lightning spire is destroyed!
Your lightning spire disappears in a puff of smoke!
The orc warrior hits you with a +0 dire flail!
* * * LOW HITPOINT WARNING * * *
There is an open door here.
The orc warrior attacks as you move away!
The orc warrior completely misses you.
The orc warrior attacks as you move away!
The orc warrior hits you with a +0 dire flail.
* * * LOW HITPOINT WARNING * * *
The orc warrior attacks as you move away!
The orc warrior misses you.
The orc warrior attacks as you move away!
The orc warrior hits you with a +0 dire flail!
* * * LOW HITPOINT WARNING * * *
There is a stone staircase leading up here.
You are no longer teleporting projectiles to their destination.
You climb upwards.
There is a stone staircase leading down here.
Casting: Portal Projectile (dangerous; 2% risk of failure)
Confirm with . or Enter, or press ? or * to list all spells.
A guardian golem appears, shielding your allies.
The orc warrior hits you with a +0 dire flail!
You die...

............................#
............................#
..........[.................#
............................#
............................#
............................#
................9...........#
..>.........................#
................@...........#
................o...........#
.........)))................#
######..########...#..#######
..#.........#......#..#.....#
..#.........#......#..#.....#
..#######...########.##.#####
.............#.......#......#
.............#.......#......#


You could see an orc warrior (ally target) and a friendly guardian golem
(summoned).

Vanquished Creatures
  Maggie (D:7)
  Eustachio (D:5)
  A yak (D:10)
  A vampire mosquito (D:10)
  An acid dragon (D:8)
  A sky beast (D:7)
  2 orc warriors
  2 ogres
  A bullfrog (D:8)
  A gnoll sergeant (D:8)
  A scorpion (D:5)
  2 wights (D:9)
  6 killer bees
  A nameless horror (D:5)
  A howler monkey (D:9)
  2 hounds
  A gnoll bouda (D:9)
  4 orc priests
  A sleepcap (D:6)
  4 orc wizards
  2 adders
  4 gnolls
  A shadow imp (D:7)
  A white imp (D:6)
  2 ufetubi (D:4)
  A dart slug (D:4)
  22 orcs
  3 bats (D:2)
  An endoplasm (D:4)
  4 giant cockroaches
  A goblin (D:1)
  2 hobgoblins
  4 jackals
  A ball python (D:2)
  A frilled lizard (D:3)
  3 kobolds
  A rat (D:2)
89 creatures vanquished.

Vanquished Creatures (collateral kills)
  A komodo dragon (D:10)
  A troll (D:11)
  Sigmund (D:5)
  3 yaks (D:10)
  A steam dragon (D:10)
  Menkaure (D:5)
  2 water moccasins
  A black bear (D:5)
  An orc warrior (D:6)
  A centaur (D:10)
  2 lemures (D:5)
  A bullfrog (D:8)
  A gnoll sergeant (D:10)
  A wight (D:9)
  6 killer bees (D:10)
  3 howler monkeys
  An electric eel (D:8)
  3 hounds
  A jelly (D:5)
  A gnoll bouda (D:10)
  3 orc priests
  Ijyb (D:5)
  2 iguanas
  An orc wizard (D:9)
  10 gnolls
  5 adders
  3 white imps
  An ufetubus (D:6)
  A worm (D:2)
  2 dart slugs
  24 orcs
  3 ball pythons
  6 endoplasms
  A giant cockroach (D:3)
  A goblin (D:2)
  2 hobgoblins
  4 jackals
  A bat (D:1)
  7 frilled lizards
  5 kobolds
  4 rats
120 creatures vanquished.

Vanquished Creatures (others)
  Pikel (D:5)
  A vampire mosquito (D:10)
  A water moccasin (D:5)
  2 black bears (D:5)
  An ice beast (D:5)
  A scorpion (D:6)
  A killer bee (D:9)
  2 iguanas (D:5)
  A sleepcap (D:6)
  An orc (D:6)
  5 toadstools (D:8)
17 creatures vanquished.

Grand Total: 226 creatures vanquished

Notes
Turn   | Place    | Note
-------+----------+-------------------------------------------
     0 | D:1      | GilGalad the Deep Elf Summoner began the quest for the Orb.
     0 | D:1      | Reached XP level 1. HP: 10/10 MP: 6/6
   523 | D:1      | Reached XP level 2. HP: 15/15 MP: 6/8
   887 | D:1      | Found a faded altar of an unknown god.
   899 | D:1      | Learned a level 2 spell: Call Imp
  1507 | D:2      | Reached XP level 3. HP: 17/19 MP: 5/10
  1791 | D:2      | Reached skill level 1 in Ranged Weapons
  2285 | D:3      | Identified the +2 ring mail of Philately {*Corrode *Slow
                  | rN++ Slay+4}
  2385 | D:3      | Found a shimmering altar of Xom.
  2387 | D:3      | Found a shimmering altar of Xom.
  2480 | D:3      | Reached skill level 5 in Summonings
  2480 | D:3      | Reached XP level 4. HP: 24/24 MP: 7/12
  2632 | D:3      | Found a shimmering altar of Xom.
  2633 | D:3      | Found a shimmering altar of Xom.
  2633 | D:3      | Found a shimmering altar of Xom.
  2634 | D:3      | Found a shimmering altar of Xom.
  2634 | D:3      | Found a shimmering altar of Xom.
  2636 | D:3      | Found a shimmering altar of Xom.
  3341 | D:4      | Noticed an ogre
  3352 | D:4      | Reached XP level 5. HP: 28/28 MP: 9/13
  3356 | D:4      | Killed an ogre
  3357 | D:4      | Reached skill level 1 in Hexes
  3490 | D:4      | Found Nyttar's General Store.
  3686 | D:4      | Reached XP level 6. HP: 32/32 MP: 12/15
  3878 | D:4      | Found Kageucett's Antique Armour Boutique.
  3882 | D:4      | Bought a faintly humming robe for 136 gold pieces
  3882 | D:4      | Identified the +1 robe of the Furies {Int+3} (You bought it
                  | in a shop on level 4 of the Dungeon)
  3953 | D:4      | Found Timp's Weapon Boutique.
  4220 | D:4      | Found Adat's Weapon Shop.
  4236 | D:4      | Learned a level 3 spell: Summon Guardian Golem
  4266 | D:5      | Entered Level 5 of the Dungeon
  4324 | D:5      | Found Zatados's Antique Armour Boutique.
  4369 | D:5      | Reached skill level 5 in Spellcasting
  4419 | D:5      | Noticed Pikel
  4724 | D:5      | Reached skill level 1 in Air Magic
  4724 | D:5      | Reached XP level 7. HP: 36/36 MP: 12/17
  4815 | D:5      | Noticed Eustachio
  5108 | D:5      | Reached skill level 5 in Dodging
  5486 | D:5      | Killed Pikel
  5487 | D:5      | Reached XP level 8. HP: 35/41 MP: 11/20
  5585 | D:5      | Noticed Sigmund
  5622 | D:5      | Killed Sigmund
  5628 | D:5      | Learned a level 4 spell: Summon Lightning Spire
  5685 | D:5      | Noticed Ijyb
  5698 | D:5      | Paralysed by Ijyb for 2 turns
  5698 | D:5      | Killed Ijyb
  5746 | D:5      | Killed Eustachio
  5910 | D:5      | Found a shimmering blue altar of Sif Muna.
  5917 | D:5      | Became a worshipper of Sif Muna the Loreminder
  5920 | D:5      | Noticed Menkaure
  5938 | D:5      | Found Sussof's Vocational Training.
  5951 | D:5      | Killed Menkaure
  6201 | D:5      | Reached XP level 9. HP: 45/45 MP: 12/23
  6287 | D:5      | Found a snail-covered altar of Cheibriados.
  6607 | D:6      | Reached skill level 1 in Translocations
  6983 | D:5      | Learned a level 3 spell: Portal Projectile
  7026 | D:6      | Found a blossoming altar of Fedhas.
  7188 | D:6      | Found a broken altar of Ashenzari.
  7375 | D:6      | Reached * piety under Sif Muna
  7410 | D:6      | Found a white marble altar of Elyvilon.
  7563 | D:6      | Found a basalt altar of Yredelemnul.
  7861 | D:6      | Identified the +1 falchion "Ohoetuuf" {flame, Drain Str+4
                  | Stlth+}
  8321 | D:7      | Noticed Maggie
  8334 | D:7      | Killed Maggie
  8335 | D:7      | Reached skill level 5 in Hexes
  8495 | D:7      | Found a staircase to the Ecumenical Temple.
  9102 | D:7      | Found a bloodstained altar of Trog.
  9136 | D:8      | Reached skill level 1 in Ice Magic
  9990 | D:8      | You fall into a shaft and drop 2 floors!
  9990 | D:10     | Entered Level 10 of the Dungeon
 10253 | D:9      | Reached XP level 10. HP: 26/50 MP: 11/25
 10411 | D:9      | Learned a level 4 spell: Summon Ice Beast
 10441 | D:9      | Reached ** piety under Sif Muna
 10574 | D:9      | Found a sparkling altar of Nemelex Xobeh.
 11623 | D:9      | Identified the +7 sling of the Heart {heavy, rCorr Str+2}
 11636 | D:9      | Noticed a two-headed ogre
 11637 | D:9      | Reached skill level 10 in Spellcasting
 12355 | D:10     | Found a hide-covered altar of Uskayaw.
 13350 | D:11     | Reached skill level 10 in Summonings
 13364 | D:10     | Slain by an orc warrior

Illustrated notes

Levels and vault maps discovered:
D:1:      onia_arrival_handbag, layout_loops_corners,
          ebering_ecumenical_altar_mist, minmay_octomino_j4
D:2:      layout_basic
D:3:      layout_loops_corners, xom_redecorated
D:4:      layout_basic, serial_shops, shop, shop, shop,
          nicolae_shop_back_alley_shop, kennysheep_generic_room_12
D:5:      layout_basic, mainiacjoe_overflow_tiny_flanked, kennysheep_mini,
          serial_shops, nicolae_shop_dealshenge, nicolae_shop_vocational,
          uniq_sigmund, uniq_menkaure, uniq_pikel, uniq_ijyb, uniq_eustachio
D:6:      layout_loops_ring, kennysheep_little_box,
          mainiacjoe_overflow_24_doors, minitemple, chequers_garden
D:7:      layout_basic, lemuel_doored_altar, minmay_temple_entry_from_below_a,
          uniq_maggie
D:8:      layout_basic, chequers_serial_rivers_marsh, minmay_gold_behind_fungi,
          nicolae_two_hexagons
D:9:      layout_small_grid, mainiacjoe_overflow_concentric_impassable,
          nicolae_underground_beach
D:10:     layout_grid_maze, lemuel_round_altar
D:11:     layout_roguey, erik_lair_orcish_takeover, orc_0_dummy, serial_shops,
          nicolae_shop_window_shopping, okawaru_ov_weapons_minmay

Skill      XL: |  1  2  3  4  5  6  7  8  9 10 |
---------------+-------------------------------+-----
Stealth        | 3 |  3.0
Dodging        | 3 4 6 7 8 9 |  9.7
Ranged Weapons | 1 2 |  2.1
Spellcasting   | 4 5 6 8 9 10 | 10.7
Summonings     | 5 6 8 10 | 10.0
Hexes          | 1 2 3 5 |  5.5
Air Magic      | 1 3 |  3.4
Translocations | 3 4 |  4.6
Ice Magic      | 4 |  4.1

Action                     |  1- 3 |  4- 6 |  7- 9 | 10-12 || total
---------------------------+-------+-------+-------+-------++-------
  Melee: Dagger            |     8 |       |       |       ||     8
   Fire: Shortbow          |    22 |    51 |   157 |    30 ||   260
         Sling             |       |       |       |    41 ||    41
   Cast: Summon Small Mamm |    54 |    17 |     3 |       ||    74
         Call Imp          |    20 |    25 |    16 |     3 ||    64
         Summon Guardian G |       |     3 |    36 |    15 ||    54
         Summon Lightning  |       |       |    44 |    20 ||    64
         Portal Projectile |       |       |    22 |    17 ||    39
         Summon Ice Beast  |       |       |       |     3 ||     3
    Use: Scroll            |       |       |     6 |     4 ||    10
 Armour: Robe              |    10 |     6 |    25 |       ||    41
         Steam dragon scal |       |       |     2 |     6 ||     8
  Dodge: Dodged            |    19 |    31 |    64 |    48 ||   162

Table legend: (Time is in decaauts)
 A = Elapsed time spent in this place.
 B = Non-inter-level travel time spent in this place.
 C = Inter-level travel time spent in this place.
 D = Time resting spent in this place.
 E = Time spent auto-exploring this place.
 F = Levels seen in this place.
 G = Mean time per level.
                   A        B        C        D        E       F      G
               +--------+--------+--------+--------+--------+-----+--------+
         Total |  13517 |  13049 |    468 |    550 |  10069 |  11 | 1228.8 |
       Dungeon |  13517 |  13049 |    468 |    550 |  10069 |  11 | 1228.8 |
               +--------+--------+--------+--------+--------+-----+--------+

Top non-repeatable levels by time:
     D:5: 2294 daAuts
    D:10: 2070 daAuts
     D:7: 1480 daAuts
     D:6: 1323 daAuts
     D:1: 1162 daAuts
     D:8: 1156 daAuts
     D:3: 1111 daAuts
     D:4: 1041 daAuts
     D:2: 1019 daAuts
     D:9: 816 daAuts
    D:11: 41 daAuts
